MLB
CLEVELAND GUARDIANS @ SEATTLE MARINERS
03/13/2026
 
TOP OF THE 1ST
Cleveland Guardians batting - Pitching for Seattle Mariners : RHP German Marquez
Pitching: RHP German Marquez
Batting: LHB Jake Bauers 0-0: Fly out, F8 (Flyball, 78D, EV 95.6 MPH)
Batting: RHB Ha-seong Kim 0-0: Ball
1-0: SINGLE (Groundball, 4MD, EV 95.0 MPH)
Batting: LHB Robert Hassell III 0-0: Called Strike
0-1: Ball
1-1: Fly out, F9 (Flyball, 89M, EV 92.5 MPH)
Batting: RHB Eric Dunn 0-0: Ball
1-0: Ball
Ha-seong Kim is caught stealing 2nd base 2-4
Top of the 1st over - 0 runs, 1 hit, 0 errors, 0 left on base; Cleveland 0 - Seattle 0
BOTTOM OF THE 1ST
Seattle Mariners batting - Pitching for Cleveland Guardians : RHP Bret D'Orazio
Pitching: RHP Bret D'Orazio
Batting: LHB Taylor Trammell 0-0: Ball
1-0: SINGLE (Line Drive, 9S, EV 93.1 MPH)
Batting: LHB Trent Grisham 0-0: Called Strike
0-1: Fly out, F7 (Flyball, 7D, EV 93.1 MPH)
Batting: LHB Chris Knight 0-0: Called Strike
0-1: Foul Ball, location: 2F
0-2: Ball
1-2: Foul Ball, location: 2F
1-2: Strikes out swinging
Batting: RHB Gleyber Torres 0-0: Ball
1-0: Ball
Taylor Trammell steals 2nd base
2-0: Called Strike
2-1: Ball
3-1: Foul Ball, location: 2F
3-2: DOUBLE (Line Drive, 7LS, EV 95.0 MPH)
Taylor Trammell scores
Batting: SHB Anthony Garcia 0-0: Ball
1-0: Ball
2-0: Called Strike
2-1: Foul Ball, location: 2F
2-2: Ground out 4-3 (Groundball, 34, EV 79.4 MPH)
Bottom of the 1st over - 1 run, 2 hits, 0 errors, 1 left on base; Cleveland 0 - Seattle 1
TOP OF THE 2ND
Cleveland Guardians batting - Pitching for Seattle Mariners : RHP German Marquez
Batting: RHB Eric Dunn 0-0: Ball
1-0: Swinging Strike
1-1: Called Strike
1-2: Fly out, F5 (Popup, 56S, EV 70.6 MPH)
Batting: LHB Nolan Jones 0-0: Ball
1-0: Ball
2-0: Ball
3-0: Called Strike
3-1: Foul Ball, location: 2F
3-2: Foul Ball, location: 2F
3-2: Ground out U3 (Groundball, 3, EV 80.0 MPH)
Batting: LHB Bo Naylor 0-0: Ball
1-0: Ball
2-0: Ball
3-0: Base on Balls
Batting: LHB Travis Swaggerty 0-0: Ball
1-0: Ball
2-0: Foul Ball, location: 2F
2-1: Fly out, F7 (Flyball, 7S, EV 85.0 MPH)
Top of the 2nd over - 0 runs, 0 hits, 0 errors, 1 left on base; Cleveland 0 - Seattle 1
BOTTOM OF THE 2ND
Seattle Mariners batting - Pitching for Cleveland Guardians : RHP Bret D'Orazio
Batting: RHB Matt Chapman 0-0: Ball
1-0: Swinging Strike
1-1: Foul Ball, location: 2F
1-2: Strikes out swinging
Batting: RHB Tony Salgado 0-0: SINGLE (Groundball, 6M, EV 98.1 MPH) (infield hit)
Batting: RHB Cam Gallagher 0-0: Grounds into double play, 6-4-3 (Groundball, 6, EV 82.5 MPH)
Bottom of the 2nd over - 0 runs, 1 hit, 0 errors, 0 left on base; Cleveland 0 - Seattle 1
TOP OF THE 3RD
Cleveland Guardians batting - Pitching for Seattle Mariners : RHP German Marquez
Batting: SHB Yordys Valdes 0-0: Ground out 6-3 (Groundball, 6, EV 99.4 MPH)
Batting: RHB Mike Melgar 0-0: Foul Ball, location: 2F
0-1: Ball
1-1: Called Strike
1-2: Ball
2-2: Strikes out looking
Batting: LHB Jake Bauers 0-0: Ball
1-0: Ball
2-0: Called Strike
2-1: SINGLE (Groundball, 25, EV 68.1 MPH) (infield hit)
Batting: RHB Ha-seong Kim 0-0: SINGLE (Groundball, 6MD, EV 106.9 MPH)
Jake Bauers to second
Runner from 2nd tries for 3rd, SAFE, throw by CF made to third
Batting: LHB Robert Hassell III 0-0: Called Strike
Ha-seong Kim steals 2nd base
0-1: Called Strike
0-2: Strikes out looking
Top of the 3rd over - 0 runs, 2 hits, 0 errors, 2 left on base; Cleveland 0 - Seattle 1
BOTTOM OF THE 3RD
Seattle Mariners batting - Pitching for Cleveland Guardians : RHP Bret D'Orazio
Batting: RHB Dave Thornhill 0-0: Ball
1-0: SINGLE (Line Drive, 5D, EV 93.8 MPH)
Batting: LHB Taylor Trammell 0-0: Ball
1-0: Ball
2-0: Ball
3-0: Base on Balls
Dave Thornhill to second
Batting: LHB Trent Grisham 0-0: Called Strike
0-1: Ball
1-1: Ball
2-1: Fly out, F6 (Flyball, 56D, EV 84.4 MPH)
Batting: LHB Chris Knight 0-0: Ball
1-0: Ball
2-0: Swinging Strike
2-1: Called Strike
2-2: Foul Ball, location: 2F
2-2: Fly out, F2 (Popup, 2RF, EV 91.2 MPH)
Batting: RHB Gleyber Torres 0-0: Called Strike
0-1: Ball
1-1: Called Strike
1-2: Ball
2-2: Ball
3-2: Strikes out swinging
Bottom of the 3rd over - 0 runs, 1 hit, 0 errors, 2 left on base; Cleveland 0 - Seattle 1
TOP OF THE 4TH
Cleveland Guardians batting - Pitching for Seattle Mariners : RHP German Marquez
Pitching: RHP Montana Semmel
Batting: RHB Eric Dunn 0-0: Fly out, F7 (Flyball, 7, EV 95.0 MPH)
Batting: LHB Nolan Jones 0-0: Ball
1-0: Ball
2-0: Foul Ball, location: 2F
2-1: Swinging Strike
2-2: Strikes out swinging
Batting: LHB Bo Naylor 0-0: Ball
1-0: Called Strike
1-1: Foul Ball, location: 2F
1-2: Strikes out swinging
Top of the 4th over - 0 runs, 0 hits, 0 errors, 0 left on base; Cleveland 0 - Seattle 1
BOTTOM OF THE 4TH
Seattle Mariners batting - Pitching for Cleveland Guardians : RHP Bret D'Orazio
Pitching: RHP Jake Lyons
Batting: SHB Anthony Garcia 0-0: Swinging Strike
0-1: Swinging Strike
0-2: Strikes out looking
Batting: RHB Matt Chapman 0-0: Ball
1-0: Swinging Strike
1-1: Ball
2-1: Fly out, F7 (Flyball, 7, EV 73.8 MPH)
Batting: RHB Tony Salgado 0-0: Called Strike
0-1: Ball
1-1: Swinging Strike
1-2: Strikes out looking
Bottom of the 4th over - 0 runs, 0 hits, 0 errors, 0 left on base; Cleveland 0 - Seattle 1
TOP OF THE 5TH
Cleveland Guardians batting - Pitching for Seattle Mariners : RHP Montana Semmel
Pitching: RHP Chris Roy
Now at 2B: Tony Salgado
Now at 3B: Joe Gotte
Batting: LHB Travis Swaggerty 0-0: SINGLE (Popup, 4MD, EV 68.8 MPH)
Batting: SHB Yordys Valdes 0-0: Called Strike
0-1: Ball
1-1: Ball
2-1: Called Strike
2-2: Fielders Choice at 2nd, 4-6 (Groundball, 4M, EV 85.6 MPH)
Pinch Hitting: SHB Aaron Hicks 0-0: Ball
1-0: Swinging Strike
1-1: Swinging Strike
1-2: Ball
2-2: Ball
3-2: Strikes out swinging
Batting: LHB Jake Bauers 0-0: Ground out 4-3 (Groundball, 4, EV 85.6 MPH)
Top of the 5th over - 0 runs, 1 hit, 0 errors, 1 left on base; Cleveland 0 - Seattle 1
BOTTOM OF THE 5TH
Seattle Mariners batting - Pitching for Cleveland Guardians : RHP Jake Lyons
Now at 2B: Paulshawn Greenfield
Now in LF: Aaron Hicks
Now in CF: Petey Halpin
Batting: RHB Cam Gallagher 0-0: Swinging Strike
0-1: DOUBLE (Flyball, 89D, EV 100.6 MPH)
Batting: RHB Dave Thornhill 0-0: Ball
1-0: Swinging Strike
1-1: Swinging Strike
1-2: Strikes out swinging
Batting: LHB Taylor Trammell 0-0: Called Strike
0-1: Fly out, F7 (Flyball, 7D, EV 95.0 MPH)
Runner from 2nd tags up, SAFE at 3rd, no throw by LF
Batting: LHB Trent Grisham 0-0: Ball
1-0: Swinging Strike
1-1: Fly out, F8 (Flyball, 78D, EV 85.6 MPH)
Bottom of the 5th over - 0 runs, 1 hit, 0 errors, 1 left on base; Cleveland 0 - Seattle 1
TOP OF THE 6TH
Cleveland Guardians batting - Pitching for Seattle Mariners : RHP Chris Roy
Batting: LHB Petey Halpin 0-0: Swinging Strike
0-1: Called Strike
0-2: Ball
1-2: Ball
2-2: Ball
3-2: Strikes out swinging
Pinch Hitting: RHB Mike Traw 0-0: Ball
1-0: Ball
2-0: Swinging Strike
2-1: Foul Ball, location: 2F
2-2: Ball
3-2: SINGLE (Line Drive, 7S, EV 107.5 MPH)
Pinch Hitting: SHB Jhoan Gomez 0-0: Foul Ball, location: 2F
0-1: Ball
1-1: Fly out, F7 (Flyball, 7D, EV 93.8 MPH)
Batting: LHB George Valera 0-0: Ball
1-0: Ball
2-0: Swinging Strike
2-1: DOUBLE (Line Drive, 5D, EV 103.1 MPH)
Mike Traw to third
Runner from 3rd tries for Home, SAFE, no throw by LF
Batting: LHB Bo Naylor 0-0: Ball
1-0: Ball
2-0: Called Strike
2-1: Foul Ball, location: 2F
2-2: Strikes out looking
Top of the 6th over - 1 run, 2 hits, 0 errors, 1 left on base; Cleveland 1 - Seattle 1
BOTTOM OF THE 6TH
Seattle Mariners batting - Pitching for Cleveland Guardians : RHP Jake Lyons
Pitching: RHP Angel Gonzalez Martinez
Now at C: Jonathan Scotland
Now at SS: Jhoan Gomez
Now in CF: Mike Traw
Now in RF: Petey Halpin
Pinch Hitting: RHB Marco Luciano 0-0: Called Strike
0-1: Foul Ball, location: 2F
0-2: Foul Ball, location: 2F
0-2: Ball
1-2: Ball
2-2: Foul Ball, location: 2F
2-2: Ball
3-2: SINGLE (Groundball, 4MS, EV 90.6 MPH) (infield hit)
Batting: RHB Joe Gotte 0-0: Fielders Choice at 2nd, 5-4 (Groundball, 5S, EV 86.2 MPH)
Batting: LHB Jarred Kelenic 0-0: Foul Ball, location: 2F
0-1: Ball
1-1: Ball
2-1: Swinging Strike
2-2: Strikes out swinging
Pinch Hitting: SHB Willi Castro 0-0: Fielders Choice at 2nd, 5-4 (Groundball, 5, EV 87.5 MPH)
Bottom of the 6th over - 0 runs, 1 hit, 0 errors, 1 left on base; Cleveland 1 - Seattle 1
TOP OF THE 7TH
Cleveland Guardians batting - Pitching for Seattle Mariners : RHP Chris Roy
Pitching: RHP Alex Scherff
Now at 1B: Marco Luciano
Now at 3B: Willi Castro
Now at SS: Joe Gotte
Now in CF: Taylor Trammell
Now in RF: Clint Frazier
Batting: RHB Paulshawn Greenfield 0-0: Fly out, F9 (Flyball, 9LM, EV 108.8 MPH)
Pinch Hitting: RHB Edgar Avila 0-0: Foul Ball, location: 2F
0-1: Ball
1-1: Ball
2-1: Ball
3-1: SINGLE (Groundball, 56D, EV 101.9 MPH)
Batting: SHB Aaron Hicks 0-0: Ball
1-0: Foul Ball, location: 2F
1-1: Called Strike
1-2: Ground out 4-3 (Groundball, 34, EV 98.8 MPH)
Edgar Avila to second
Pinch Hitting: RHB Jared Weeks 0-0: Foul Ball, location: 2F
0-1: DOUBLE (Line Drive, 89XD, EV 101.2 MPH)
Edgar Avila scores
Batting: LHB Petey Halpin 0-0: Ball
1-0: Called Strike
1-1: Foul Ball, location: 2F
1-2: SINGLE (Groundball, 56, EV 95.6 MPH)
Jared Weeks to third
Runner from 3rd tries for Home, SAFE, throw by LF to home
Batting: RHB Mike Traw 0-0: Ball
1-0: Foul Ball, location: 2F
1-1: Ball
2-1: Ball
3-1: Called Strike
3-2: Strikes out swinging
Top of the 7th over - 2 runs, 3 hits, 0 errors, 1 left on base; Cleveland 3 - Seattle 1
BOTTOM OF THE 7TH
Seattle Mariners batting - Pitching for Cleveland Guardians : RHP Angel Gonzalez Martinez
Pitching: RHP Javier Tovar
Now at 1B: Jared Weeks
Now at 3B: Edgar Avila
Pinch Hitting: RHB Juan Querecuto 0-0: Ball
1-0: Ball
2-0: Swinging Strike
2-1: Ball
3-1: Foul Ball, location: 2F
3-2: Base on Balls
Batting: RHB Cam Gallagher 0-0: DOUBLE (Groundball, 5L, EV 101.2 MPH)
Juan Querecuto to third
Batting: RHB Clint Frazier 0-0: Ball
Wild Pitch!
Juan Querecuto scores
Cam Gallagher to third
1-0: Swinging Strike
1-1: Ball
2-1: Fly out, F8 (Flyball, 8LM, EV 91.9 MPH)
Runner from 3rd tags up, SCORES, throw by CF
Pinch Hitting: RHB Connor Wong 0-0: Called Strike
0-1: Called Strike
0-2: Foul Ball, location: 2F
0-2: Strikes out swinging
Batting: LHB Trent Grisham 0-0: Ball
1-0: Called Strike
1-1: Foul Ball, location: 2F
1-2: Foul Ball, location: 2F
1-2: Ground out 4-3 (Groundball, 4, EV 84.4 MPH)
Bottom of the 7th over - 2 runs, 1 hit, 0 errors, 0 left on base; Cleveland 3 - Seattle 3
TOP OF THE 8TH
Cleveland Guardians batting - Pitching for Seattle Mariners : RHP Alex Scherff
Now at 2B: Willi Castro
Now at 3B: Juan Querecuto
Now in CF: Connor Wong
Batting: SHB Jhoan Gomez 0-0: Ball
1-0: Fly out, F7 (Flyball, 78M, EV 93.8 MPH)
Batting: LHB George Valera 0-0: Ball
1-0: Ball
2-0: Ball
3-0: Called Strike
3-1: Base on Balls
Pinch Hitting: LHB Joe Naranjo 0-0: Swinging Strike
0-1: Called Strike
0-2: Ball
Passed Ball!
George Valera to second
1-2: Foul Ball, location: 2F
1-2: 2-RUN HOME RUN (Flyball, 89XD, EV 101.9 MPH), Distance : 386 ft
Pitching: RHP Kristian Cardozo
Batting: RHB Paulshawn Greenfield 0-0: Called Strike
0-1: SINGLE (Line Drive, 89M, EV 103.1 MPH)
Batting: RHB Edgar Avila 0-0: Foul Ball, location: 2F
0-1: Reached on error, E5 (Groundball, 56S, EV 80.6 MPH)
Paulshawn Greenfield to second
Pinch Hitting: RHB Mike Hewitt 0-0: Called Strike
0-1: Ball
1-1: Foul Ball, location: 2F
1-2: Ball
2-2: Foul Ball, location: 2F
2-2: Ball
3-2: Fielders Choice at 2nd, 6-4 (Groundball, 6, EV 77.5 MPH)
Paulshawn Greenfield to third
Batting: RHB Jared Weeks 0-0: Called Strike
0-1: Ball
Mike Hewitt steals 2nd base
1-1: SINGLE (Groundball, 5D, EV 101.2 MPH)
Paulshawn Greenfield scores
Mike Hewitt to third
Runner from 3rd tries for Home, SAFE, throw by LF to home
Jared Weeks to second
Pinch Hitting: RHB Jared Oliva 0-0: Ball
1-0: Foul Ball, location: 2F
1-1: Foul Ball, location: 2F
1-2: Strikes out swinging
Top of the 8th over - 4 runs, 3 hits, 1 error, 1 left on base; Cleveland 7 - Seattle 3
BOTTOM OF THE 8TH
Seattle Mariners batting - Pitching for Cleveland Guardians : RHP Javier Tovar
Now at C: Chris Morvant
Now in LF: Mike Schwartz
Now in RF: Mike Hewitt
Batting: RHB Marco Luciano 0-0: Swinging Strike
0-1: Ground out 6-3 (Groundball, 6, EV 86.2 MPH)
Batting: RHB Joe Gotte 0-0: Ball
1-0: Called Strike
1-1: Foul Ball, location: 2F
1-2: Ball
2-2: Ball
3-2: Ground out 5-3 (Groundball, 56, EV 79.4 MPH)
Batting: LHB Jarred Kelenic 0-0: Ball
1-0: Foul Ball, location: 2F
1-1: Foul Ball, location: 2F
1-2: Ball
2-2: Ball
3-2: Base on Balls
Pitching: RHP Jake Zebron
Batting: SHB Willi Castro 0-0: Ball
1-0: DOUBLE (Flyball, 89XD, EV 110.6 MPH)
Jarred Kelenic to third
Runner from 3rd tries for Home, SAFE, throw by RF to trailing runner, SAFE at third!
Batting: RHB Juan Querecuto 0-0: SINGLE (Groundball, 56D, EV 95.6 MPH)
Willi Castro scores
Batting: RHB Cam Gallagher 0-0: Called Strike
0-1: Ball
1-1: Fly out, F9 (Flyball, 89S, EV 81.2 MPH)
Bottom of the 8th over - 2 runs, 2 hits, 0 errors, 1 left on base; Cleveland 7 - Seattle 5
TOP OF THE 9TH
Cleveland Guardians batting - Pitching for Seattle Mariners : RHP Kristian Cardozo
Pitching: RHP Jeff Jorgensen
Pinch Hitting: LHB Isaiah Greene 0-0: Ball
1-0: Fly out, F7 (Line Drive, 7D, EV 87.5 MPH)
Pinch Hitting: RHB Carson Tucker 0-0: SINGLE (Groundball, 34S, EV 69.4 MPH) (infield hit)
Batting: RHB Tyler Freeman 0-0: Ball
1-0: Fly out, F8 (Flyball, 8RD, EV 102.5 MPH)
Batting: RHB Mike Schwartz 0-0: Fly out, F8 (Flyball, 89D, EV 89.4 MPH)
Top of the 9th over - 0 runs, 1 hit, 0 errors, 1 left on base; Cleveland 7 - Seattle 5
BOTTOM OF THE 9TH
Seattle Mariners batting - Pitching for Cleveland Guardians : RHP Jake Zebron
Pitching: LHP Daniel Tillo
Now at SS: Cesar Ruiz
Now in CF: Mike Hewitt
Now in RF: Steve Goldstein
Batting: RHB Clint Frazier 0-0: Called Strike
0-1: Ground out 3-1 (Groundball, 34S, EV 82.5 MPH)
Batting: RHB Connor Wong 0-0: Ball
1-0: Ball
2-0: Ball
3-0: Called Strike
3-1: Called Strike
3-2: SINGLE (Groundball, P, EV 93.8 MPH) (infield hit)
Pinch Hitting: RHB Julio Rodriguez 0-0: Foul Ball, location: 2F
0-1: Fly out, F7 (Line Drive, 7LM, EV 106.2 MPH)
Pinch Hitting: RHB J.T. Realmuto 0-0: Foul Ball, location: 2F
0-1: SINGLE (Groundball, 6MD, EV 95.6 MPH)
Connor Wong to second
Batting: RHB Joe Gotte 0-0: Fly out, F7 (Line Drive, 7S, EV 91.9 MPH)
Bottom of the 9th over - 0 runs, 2 hits, 0 errors, 2 left on base; Cleveland 7 - Seattle 5
Tuesday, January 24th , 2023 - OOTP Baseball 23.10 Build 110